 Dungeon Crawl Stone Soup version 0.18-a0-1203-gbde16db (webtiles) character file.

14765 4thArraOfDagon the Basher (level 12, -7/70 (71) HPs)
             Began as an Octopode Arcane Marksman on Jan 31, 2016.
             Was an Initiate of Gozag.
             Mangled by a komodo dragon (22 damage)
             ... on level 7 of the Lair of Beasts.
             The game lasted 01:19:20 (12090 turns).

4thArraOfDagon the Basher (OpAM)                   Turns: 12090, Time: 01:19:20

HP:   -7/70 (71)    AC: 11    Str: 12    XL:     12   Next: 19%
MP:   21/21         EV: 15    Int: 19    God:    Gozag
Gold: 506           SH:  0    Dex: 15    Spells: 7 memorised, 0 levels left

rFire  . . .     SeeInvis .     T - +1 great mace (flame)
rCold  . . .     Gourm    .     (shield currently unavailable)
rNeg   . . .     Faith    .     X - +2 hat
rPois  .         Spirit   .     S - amulet of rage
rElec  .         Dismiss  .     C - ring of resist corrosion
rCorr  +         Reflect  .     J - ring of stealth
SustAt .         Harm     .     i - ring of wizardry
MR     +....                    e - +4 ring of dexterity
Stlth  ++++......               b - ring of Robustness {AC+8}
                                (no ring)
                                (no ring)
                                (no ring)

@: somewhat resistant to hostile enchantments, stealthy
A: almost no armour, amphibious, 8 rings, constrict 8, tentacle spike 1,
camouflage 1, frail 1, magic resistance 1, screaming 2, gelatinous body 1
a: Potion Petition, Call Merchant, Bribe Branch, Renounce Religion, Evoke
Berserk Rage


You were on level 7 of the Lair of Beasts.
You worshipped Gozag.
Gozag was noncommittal.
You were hungry.

You visited 4 branches of the dungeon, and saw 23 of its levels.
You also visited: Volcano.

You collected 2532 gold pieces.
You spent 1896 gold pieces at shops.
You paid 130 gold pieces to Gozag.

Inventory:

Hand Weapons
 a - a +0 hand crossbow
 k - a +0 club
 n - a +2 mace of draining
 v - a +0 mace of protection
 w - a +3 war axe of flaming
 T - a +1 great mace of flaming (weapon)
Missiles
 c - 40 bolts
 F - 16 steel bolts
 L - 21 bolts of frost
 U - 10 poisoned needles
Armour
 f - the +2 shield "Ufeyl" {*Corrode rElec Str-5 Dex+7}
   (You acquired it on level 3 of the Lair of Beasts)

   It affects your strength (-5).
   It affects your dexterity (+7).
   It insulates you from electricity.
   It may corrode your equipment when you take damage.
 g - a +1 shield
 X - a +2 hat (worn)
Jewellery
 b - the ring of Robustness (on tentacle) {AC+8}
   (You bought it in a shop on level 5 of the Dungeon)

   [ring of protection]

   It affects your AC (+8).
 e - a +4 ring of dexterity (on tentacle)
 i - a ring of wizardry (on tentacle)
 u - an uncursed amulet of dismissal
 C - a ring of resist corrosion (left tentacle)
 J - a ring of stealth (right tentacle)
 S - an amulet of rage (around mantle)
Wands
 m - a wand of slowing (31/48)
 o - a wand of fireball (0/15)
 t - a wand of polymorph (12/24)
 z - a wand of fireball (0/15)
 B - a wand of draining (0/15)
 G - a wand of flame (0/48)
 I - a wand of slowing (13/48)
 K - a wand of fireball (11/15)
 M - a wand of draining (3/15)
 W - a wand of disintegration (9/24)
 Z - a wand of lightning (9/15)
Scrolls
 p - 2 scrolls of noise
 q - 2 scrolls of fog
 r - 4 scrolls of immolation
 y - 3 scrolls of teleportation
 D - 3 scrolls of enchant armour
 E - 2 scrolls of amnesia
 V - 2 scrolls of blinking
 Y - 2 scrolls of remove curse
Potions
 j - 3 potions of berserk rage
 l - 3 potions of cure mutation
 s - a potion of ambrosia
 H - a potion of invisibility {unknown}
 P - 2 potions of curing
 Q - a potion of haste
 R - a potion of cancellation
Books
 h - a book of the Earth

   Spells                             Type                      Level
   a - Leda's Liquefaction            Hexes/Earth                  4
   b - Bolt of Magma                  Conjuration/Fire/Earth       5
   c - Statue Form                    Transmutation/Earth          6
   d - Iron Shot                      Conjuration/Earth            6
   e - Shatter                        Earth                        9
 A - a book of Burglary

   Spells                             Type                      Level
   a - Swiftness                      Charms/Air                   2
   b - Passwall                       Transmutation/Earth          3
   c - Passage of Golubria            Translocation                4
   d - Lee's Rapid Deconstruction     Earth                        5
   e - Darkness                       Hexes                        6
   f - Invisibility                   Hexes                        6
Miscellaneous
 x - a stone of tremors
Comestibles
 d - 3 bread rations
 O - a meat ration


   Skills:
 - Level 6.0 Fighting
 - Level 10.1 Maces & Flails
 - Level 3.5 Crossbows
 - Level 5.6 Dodging
 + Level 6.0 Spellcasting
 - Level 3.0 Hexes
 * Level 8.7 Transmutations
 * Level 8.3 Earth Magic
 - Level 4.2 Evocations


You couldn't memorise any spells.
You knew the following spells:

 Your Spells              Type           Power        Failure   Level  Hunger
a - Apportation           Tloc           #.........   4%          1    None
b - Slow                  Hex            ###.....     2%          2    None
c - Statue Form           Trmt/Erth      #####....    26%         6    #######
d - Lee's Rapid Deconstr  Erth           #####.....   4%          5    #####..
e - Passwall              Trmt/Erth      #####.....   1%          3    ##.....
f - Blink                 Tloc           N/A          7%          2    None
g - Passage of Golubria   Tloc           N/A          61%         4    ####...


Dungeon Overview and Level Annotations

Branches:
Dungeon (13/15)            Temple (1/1) D:7            Lair (7/8) D:11
    Orc (2/2) D:9
  Swamp: Lair:3-6    Shoals: Lair:3-6     Snake: Lair:3-6    Spider: Lair:3-6
  Slime: Lair:6-8       Elf: Orc:2       Vaults: D:13-14

Altars:
Ashenzari
Cheibriados
Dithmenos
Elyvilon
Fedhas
Gozag
Kikubaaqudgha
Makhleb
Nemelex Xobeh
Okawaru
Pakellas
Qazlal
Ru
Sif Muna
Trog
Vehumet
Xom
Yredelemnul
Zin
The Shining One

Shops:
D:5 =   Orc:2 [

Annotations:
D:5 Sigmund
D:9 exclusion: obsidian statue
D:10 Joseph
D:11 SLAIR
Lair:1 Urug
Lair:5 exclusion: upstairs


Innate Abilities, Weirdness & Mutations

You cannot wear most types of armour.
You are amphibious.
You can wear up to eight rings at the same time.
You can use your tentacles to constrict eight enemies at once.
Your skin changes colour to match your surroundings (Stealth).
Your rubbery body absorbs attacks (AC +1).
One of your tentacles bears a spike.
You are frail (-10% HP).
You are resistant to hostile enchantments.
You sometimes yell uncontrollably at your foes.


Message History

You thump the giant frog! You burn the giant frog.
You pierce the giant frog, but do no damage.
The giant frog is almost dead.
You constrict the giant frog.
You kill the giant frog!
You hit the komodo dragon but do no damage.
Your squeeze misses the komodo dragon. The komodo dragon barely misses you.
You thump the komodo dragon! You burn the komodo dragon.
The komodo dragon is moderately wounded.
The komodo dragon bites you!!
You closely miss the komodo dragon. You squeeze the komodo dragon.
The komodo dragon is heavily wounded.
The komodo dragon bites you!!
* * * LOW HITPOINT WARNING * * *
Unknown command.
Drink which item? (? for menu, Esc to quit)
Okay, then.
The komodo dragon bites you!!
You die...
Your body crumbles into a pile of gold.

.(..#..........
.......$.......
#......... ###$...#...
#...#### #...# ##..#
###. #.l.### #...
#.#@##.### ## #...
##..+.#.P.##.# #...
#............# ##...
#...........## ##P...
#............###.PP..
#............+........
#.♣♣.........#........
#.Ph..........###.###..
#...PP..##..P## ### #..


You could see a komodo dragon.

Vanquished Creatures
  Gastronok (D:11)
  Pikel (D:5)
  An orc knight (Volcano)
  An ugly thing (D:11)
  A cyclops (D:11)
  A black mamba (Lair:3)
  A centaur zombie (D:7)
  An elephant (Lair:4)
  A gargoyle (D:10)
  A manticore (D:12)
  A spiny frog (Lair:7)
  2 komodo dragons (D:11)
  A slime creature (D:12)
  A wraith (D:9)
  2 humans (D:9)
  Grum (Lair:1)
  Eustachio (D:4)
  3 hippogriffs
  3 wolves (Lair:1)
  A warg (Orc:1)
  7 water moccasins
  A porcupine (Lair:1)
  2 ice beasts
  2 black bears
  5 orc warriors
  2 slaves (D:5)
  A sky beast (D:9)
  2 eyes of draining
  2 wasps (D:12)
  2 phantoms (D:9)
  6 ogres
  A tengu (Lair:3)
  8 necrophages
  5 centaurs (D:11)
  6 crocodiles
  9 giant frogs
  2 scorpions
  8 electric eels (D:9)
  A giant frog zombie (D:6)
  3 hounds
  2 centaur skeletons
  4 jellies
  11 orc wizards
  3 giant frog skeletons
  3 orc priests
  7 iguanas
  6 worker ants
  6 ogre zombies (D:9)
  A hound zombie (D:8)
  A worker ant zombie (D:10)
  9 gnolls
  9 adders
  33 river rats
  A giant eyeball (D:11)
  2 adder skeletons (D:6)
  2 worms
  5 giant geckos
  36 orcs
  8 giant cockroaches
  8 goblins
  6 hobgoblins
  30 jackals
  A quokka (D:4)
  3 bats
  2 giant gecko skeletons (D:6)
  3 giant newts (D:7)
  A goblin skeleton (D:9)
  3 goblin zombies (D:9)
  A hobgoblin skeleton (D:9)
  2 hobgoblin zombies (D:9)
  4 kobolds
  5 orc skeletons (D:9)
  13 orc zombies (D:9)
  2 quokka skeletons
  4 rats
338 creatures vanquished.

Vanquished Creatures (others)
  A bush (Lair:2)
  6 fungi
  7 plants
14 creatures vanquished.

Grand Total: 352 creatures vanquished

Notes
Turn   | Place    | Note
--------------------------------------------------------------
     0 | D:1      | 4thArraOfDagon the Octopode Arcane Marksman began the quest for the Orb.
     0 | D:1      | Reached XP level 1. HP: 13/13 MP: 2/2
    48 | D:1      | Reached XP level 2. HP: 16/18 MP: 3/3
   187 | D:2      | Reached XP level 3. HP: 7/23 MP: 4/4
   197 | D:2      | Found a shimmering altar of Xom.
   200 | D:2      | Noticed an angel
   216 | D:2      | Found a glowing silver altar of Zin.
   434 | D:3      | Reached skill level 1 in Maces & Flails
   457 | D:3      | Learned a level 2 spell: Slow
   530 | D:3      | Found a shattered altar of Ashenzari.
   553 | D:3      | Reached XP level 4. HP: 13/28 MP: 5/5
   698 | D:2      | Reached XP level 5. HP: 17/33 MP: 6/6
   814 | D:2      | Gained mutation: You occasionally shout uncontrollably at your foes. [potion of mutation]
   814 | D:2      | Gained mutation: One of your tentacles bears a spike. [potion of mutation]
   814 | D:2      | Gained mutation: You are resistant to hostile enchantments. [potion of mutation]
   815 | D:2      | Gained mutation: You are frail (-10% HP). [potion of mutation]
   815 | D:2      | Gained mutation: You sometimes yell uncontrollably at your foes. [potion of mutation]
   945 | D:5      | Entered Level 5 of the Dungeon
  1055 | D:6      | Reached skill level 4 in Maces & Flails
  1055 | D:6      | Reached XP level 6. HP: 34/34 MP: 6/8
  1126 | D:6      | Noticed a necrophage
  1145 | D:6      | Killed a necrophage
  1566 | D:6      | Found a bloodstained altar of Trog.
  1605 | D:6      | Noticed an orc warrior
  1635 | D:6      | Noticed a black bear
  1658 | D:7      | Found a staircase to the Ecumenical Temple.
  1658 | D:7      | Noticed Joseph
  1794 | D:6      | Reached XP level 7. HP: 18/40 MP: 10/10
  2034 | D:5      | Learned a level 6 spell: Statue Form
  2202 | D:7      | Reached skill level 5 in Maces & Flails
  2444 | D:8      | Found a white marble altar of Elyvilon.
  2445 | D:8      | Found a shattered altar of Ashenzari.
  2453 | D:8      | M4edhros: nice : )
  2523 | D:8      | M4edhros: no monsters
  2550 | D:8      | Reached skill level 1 in Transmutations
  2550 | D:8      | Reached skill level 1 in Earth Magic
  2586 | D:8      | Noticed a slime creature
  2587 | D:8      | Noticed a deep troll
  2591 | D:8      | Noticed a vampire
  2592 | D:8      | Noticed a cyclops
  2594 | D:8      | Noticed a troll
  2596 | D:8      | Noticed a centaur warrior
  2796 | D:7      | M4edhros: u dont have ability, or spell spark?
  2797 | D:7      | M4edhros: with wisp form?
  2901 | D:5      | Noticed Pikel
  3000 | D:7      | Reached skill level 6 in Maces & Flails
  3000 | D:7      | Reached XP level 8. HP: 7/46 MP: 10/12
  3601 | Temple   | Entered the Ecumenical Temple
  3619 | Temple   | Became a worshipper of Gozag Ym Sagoz the Greedy
  3708 | D:5      | Found a radiant altar of Vehumet.
  3859 | D:4      | Noticed Eustachio
  3870 | D:4      | Killed Eustachio
  4208 | D:4      | Found an oddly glowing altar of Pakellas.
  4209 | D:4      | Found an ancient bone altar of Kikubaaqudgha.
  4211 | D:4      | Found a burning altar of Makhleb.
  4411 | D:5      | Noticed Sigmund
  4420 | D:5      | Identified a scroll of acquirement
  4559 | D:4      | Reached skill level 7 in Maces & Flails
  4559 | D:4      | Reached XP level 9. HP: 42/52 MP: 13/13
  4666 | D:5      | Found Atifoaw's Jewellery Emporium.
  4933 | D:6      | Learned a level 5 spell: Lee's Rapid Deconstruction
  5316 | D:10     | Entered Level 10 of the Dungeon
  5443 | D:10     | Noticed a gargoyle
  5596 | D:10     | Noticed a hill giant
  5648 | D:9      | Found a staircase to the Orcish Mines.
  5679 | D:9      | Found an iron altar of Okawaru.
  5774 | D:10     | Killed a gargoyle
  5774 | D:10     | Reached skill level 5 in Dodging
  5953 | D:11     | Reached skill level 1 in Evocations
  6016 | D:11     | Reached skill level 8 in Maces & Flails
  6023 | D:11     | Reached XP level 10. HP: 49/58 MP: 16/16
  6072 | D:11     | Found a staircase to the Lair.
  6218 | D:12     | Reached skill level 5 in Fighting
  6233 | D:12     | Found an iron altar of Okawaru.
  6277 | D:12     | Noticed a manticore
  6293 | D:12     | Killed a manticore
  6293 | D:12     | Reached skill level 5 in Transmutations
  6370 | D:12     | Reached skill level 5 in Earth Magic
  6677 | D:11     | Noticed Gastronok
  6711 | D:11     | HP: 3/88 [Gastronok/the air (19)]
  6712 | D:11     | Killed Gastronok
  7136 | D:11     | Reached XP level 11. HP: 27/64 MP: 18/18
  7149 | D:11     | Reached skill level 9 in Maces & Flails
  7175 | D:11     | Noticed a cyan ugly thing
  7183 | D:11     | Killed a cyan ugly thing
  7519 | D:5      | Bought an uncursed ring of wizardry for 360 gold pieces
  7560 | D:5      | Killed Pikel
  7560 | D:5      | Reached skill level 5 in Spellcasting
  7671 | D:6      | Learned a level 3 spell: Passwall
  8341 | D:9      | Noticed an obsidian statue
  8448 | Orc:1    | Entered Level 1 of the Orcish Mines
  8696 | Orc:1    | BLOAX: how many amulet shops so far
  8701 | Orc:1    | 4thArraOfDagon: 1
  8701 | Orc:1    | 4thArraOfDagon: robu
  8701 | Orc:1    | BLOAX: oh my
  8711 | Orc:2    | Entered Level 2 of the Orcish Mines
  8712 | Orc:2    | BLOAX: robustness is a nice ring
  8713 | Orc:2    | BLOAX: and oh my a labyrinth
  8744 | Orc:1    | BLOAX: now to wonder where it is :-^)
  8745 | Orc:2    | Found Fiffoo's Antique Armour Boutique.
  8745 | Orc:2    | Noticed an orc high priest
  8745 | Orc:2    | Noticed an orc high priest
  8776 | Orc:1    | BLOAX: hm
  8776 | Orc:2    | BLOAX: the other stairs are better
  8776 | Orc:2    | 4thArraOfDagon: uhthese are bad
  8776 | Orc:2    | BLOAX: high priests are nasty as fuck
  8776 | Orc:2    | 4thArraOfDagon: i can zerk through this i guess
  8787 | Orc:1    | BLOAX: well fuck
  8793 | Orc:1    | 4thArraOfDagon: wrong input
  9028 | Orc:1    | 4thArraOfDagon: idk
  9030 | Orc:2    | BLOAX: rip lab
  9279 | D:11     | Noticed a cyclops
  9332 | D:11     | Killed a cyclops
  9398 | Lair:1   | Entered Level 1 of the Lair of Beasts
  9477 | Lair:2   | Noticed a five-headed hydra
  9652 | Lair:1   | Noticed Grum
  9667 | Lair:1   | Killed Grum
  9762 | Lair:1   | Noticed Urug
  9927 | Lair:2   | Reached skill level 10 in Maces & Flails
 10088 | Lair:3   | Found a snail-covered altar of Cheibriados.
 10096 | Lair:3   | Found a dark tunnel.
 10099 | Lair:3   | 4thArraOfDagon: what acq
 10099 | Lair:3   | 4thArraOfDagon: armor?
 10100 | Lair:3   | Got a distressingly furry shield
 10106 | Lair:3   | Identified the +2 shield "Ufeyl" {*Corrode rElec Str-5 Dex+7} (You acquired it on level 3 of the Lair of Beasts)
 10112 | Volcano  | Entered a volcano
 10161 | Volcano  | Noticed an orc knight
 10167 | Volcano  | BLOAX: i would've acq'd wand
 10176 | Volcano  | Killed an orc knight
 10564 | Lair:3   | HP: 2/64 [crocodile (12)]
 10640 | Lair:2   | Reached XP level 12. HP: 19/71 MP: 20/20
 10908 | D:11     | 4thArraOfDagon: time to take the risk
 10998 | D:5      | Bought the ring of Robustness {AC+8} for 1536 gold pieces
 11001 | D:5      | Voda: luck....
 11004 | D:5      | 4thArraOfDagon: look
 11004 | D:5      | Voda: :P
 11106 | D:2      | BLOAX: it's
 11106 | D:2      | BLOAX: stone
 11106 | D:2      | BLOAX: :^D
 11106 | D:2      | emiel: oops
 11111 | D:2      | emiel: can you passwall it?
 11111 | D:2      | 4thArraOfDagon: uhhh
 11114 | D:2      | 4thArraOfDagon: ill check
 11114 | D:2      | emiel: :/
 11120 | D:2      | 4thArraOfDagon: :(
 11120 | D:2      | BLOAX: : D D D D
 11121 | D:2      | 4thArraOfDagon: success rate:10%
 11121 | D:2      | 4thArraOfDagon: according to wiki
 11131 | D:2      | 4thArraOfDagon: meh!
 11778 | Lair:4   | Noticed a four-headed hydra
 11782 | Lair:5   | Noticed a five-headed hydra
 11890 | Lair:5   | BLOAX: https://dl.dropboxusercontent.com/u/63152810/writingpoop.png man what the fuck am i doing
 11943 | Lair:4   | 4thArraOfDagon: what
 11943 | Lair:4   | 4thArraOfDagon: what the fuck is that
 11943 | Lair:4   | 4thArraOfDagon: tell me
 11943 | Lair:4   | 4thArraOfDagon: im curious
 11949 | Lair:4   | BLOAX: just me fucking around with a brush in photoshop
 12023 | Lair:6   | Learned a level 1 spell: Apportation
 12026 | Lair:6   | Learned a level 2 spell: Blink
 12031 | Lair:6   | Learned a level 4 spell: Passage of Golubria
 12090 | Lair:7   | Mangled by a komodo dragon

Vault maps used:
D:1:      scummos_arrival_checkerplants, serial_bayou_lagoon_b
D:2:      grunt_temple_overflow_order_and_chaos_1, roderic_roman_lattice
D:3:      first_bread, evilmike_ruin_ashenzari
D:4:      grunt_temple_overflow_open, serial_aquarium, aquarium_bridge_square,
          aquarium_window_2, aquarium_window_3, aquarium_window_1,
          aquarium_view_4, uniq_eustachio
D:5:      serial_shops, kennysheep_mini, basic_altar, uniq_pikel, uniq_sigmund
D:6:      kennysheep_diamond
D:7:      minmay_temple_entry_statues_pillars, minmay_lizard_king, uniq_joseph
D:8:      gammafunk_temple_overflow_pools, onia_ninara_dug_in_and_dangerous
D:9:      statuecave_lemuel, okawaru_humans, zombieorc2_lemuel,
          hangedman_pestilent_swarm
D:10:     minmay_flawed_box, serial_shops, nicolae_shop_behind_doors,
          kennysheep_generic_room_8
D:11:     david_lair_shrubbed, lemuel_centaur_altar, uniq_gastronok
D:12:     lemuel_slime, basic_altar
D:13:     erik_vaults_1, portal_ice_cave_entry_ice_beasts,
          hangedman_decor_clover_reticule
Temple:   temple_eino_lava_12
Lair:1:   serial_bayou_lagoon_a, uniq_grum, uniq_urug
Lair:2:   serial_forest, infiniplex_forest_end_3,
          infiniplex_forest_lined_room_2, infiniplex_forest_lined_4_way,
          infiniplex_forest_straight_3, infiniplex_forest_lined_3_way,
          infiniplex_forest_clump_curved, infiniplex_forest_fountain,
          infiniplex_forest_lined_3, minivault_25, columned_hall_lemuel
Lair:3:   basic_altar, enter_volcano_1, uniq_sonja, uniq_maud
Lair:4:   minmay_snake_entry_guardpost_small
Lair:5:   roderic_carrion_pond, serial_bayou_shore_a
Lair:6:   wad_woods_structure_01, swamp_mist, minivault_23, beast_lair_carwin_7
Lair:7:   slime_altar_1, roderic_lost_polar_bear
Orc:2:    grunt_orc_gardens, grunt_orc_garden, grunt_orc_garden,
          grunt_orc_garden, grunt_orc_garden, lab_entry_generic
Volcano:  volcano_pools

Action                   |  1- 3 |  4- 6 |  7- 9 | 10-12 || total
-------------------------+-------+-------+-------+-------++-------
Melee: Unarmed           |    22 |       |    11 |     4 ||    37
       Mace              |    21 |    78 |   299 |   414 ||   812
       Club              |     2 |       |       |       ||     2
       Great mace        |       |       |       |   131 ||   131
 Fire: Hand crossbow     |    52 |     6 |     5 |     6 ||    69
 Cast: Lee's Rapid Decon |       |       |       |    13 ||    13
       Statue Form       |       |       |       |     1 ||     1
Invok: Potion Petition   |       |       |       |     1 ||     1
 Abil: Evoke Berserk Rag |       |       |       |    14 ||    14
Evoke: Wand              |       |     1 |    28 |    52 ||    81
  Use: Scroll            |     4 |     2 |    12 |    17 ||    35
       Potion            |     1 |     4 |       |     8 ||    13
 Stab: Sleeping          |       |       |     4 |     6 ||    10
       Distracted        |       |       |     1 |     4 ||     5
       Confused          |       |       |       |     1 ||     1
  Eat: Chunk             |       |     4 |     4 |       ||     8
       Pizza             |       |       |     1 |       ||     1
       Beef jerky        |       |       |     3 |     1 ||     4
       Royal jelly       |       |       |     1 |       ||     1
       Meat ration       |       |       |     1 |     1 ||     2
       Bread ration      |       |       |       |     7 ||     7
